 Dungeon Sprint DCSS version 0.22-a0-515-g75794bf (webtiles) character file.

824 emperorscorpion the Slicer (level 7, -1/44 HPs)
             Began as a Vine Stalker Berserker on June 19, 2018.
             Was an Elder of Trog.
             Succumbed to a green ugly thing's poison
             ... in the Dungeon (Sprint IX: "|||||||||||||||||||||||||||||").
             The game lasted 00:01:26 (175 turns).

emperorscorpion the Slicer (Vine Stalker Berserker)  Turns: 175, Time: 00:01:27

Health: -1/44      AC: 16    Str: 20    XL:     7   Next: 96%
Magic:  5/8        EV:  9    Int:  7    God:    Trog [****..]
Gold:   0          SH:  0    Dex: 18    Spells: 6/6 levels left

rFire    . . .     SeeInvis .   a - +2 rapier (venom)
rCold    . . .     Gourm    .   (no shield)
rNeg     . . .     Faith    .   r - +0 plate armour
rPois    .         Spirit   +   p - +0 helmet
rElec    .         Reflect  .   q - +0 cloak
rCorr    .         Harm     .   (no gloves)
MR       .....     NoTele   +   (no boots)
Stlth    ..........             (no amulet)
HPRegen  0.54/turn              s - +3 ring of dexterity
MPRegen  0.11/turn              t - +2 ring of protection

@: lethally poisoned (-1 -> -21), berserk cooldown, slowed, very slow
A: fangs 2, regeneration 1, magic shield, antimagic bite, no potion heal 3, rot
immunity
a: Berserk, Trog's Hand, Brothers in Arms, Renounce Religion


You were in the Dungeon.
You worshipped Trog.
Trog was greatly pleased with you.
You were not hungry.

You visited 1 branch

Inventory:

Hand Weapons
 a - a +2 rapier of venom (weapon)
 b - a +2 scimitar of flaming
 n - a +0 short sword
Armour
 o - a +0 animal skin
 p - a +0 helmet (worn)
 q - a +0 cloak (worn)
 r - a +0 plate armour (worn)
Jewellery
 s - a +3 ring of dexterity (left hand)
 t - a +2 ring of protection (right hand)
Wands
 m - a wand of iceblast (10)
Scrolls
 i - 2 scrolls of blinking
 l - 3 scrolls of remove curse
Potions
 d - 5 potions of curing
 e - 3 potions of heal wounds
 f - a potion of haste
 g - 4 potions of magic
 h - a potion of berserk rage
 k - a potion of invisibility
Comestibles
 c - a ration
 j - 7 chunks of flesh


   Skills:
 + Level 9.3 Fighting
 + Level 10.5 Short Blades
 + Level 5.3 Armour
 + Level 4.9 Dodging


You had 6 spell levels left.
You didn't know any spells.
Your spell library was empty.

Dungeon Overview and Level Annotations

Branches:
Dungeon (1/1)

Altars:
Cheibriados
Dithmenos
Elyvilon
Fedhas
Gozag
Hepliaklqana
Kikubaaqudgha
Makhleb
Nemelex Xobeh
Okawaru
Qazlal
Ru
Sif Muna
Trog
Uskayaw
Vehumet
Wu Jian
Xom
Yredelemnul
Zin
The Shining One
Beogh
Jiyva
Lugonu


Innate Abilities, Weirdness & Mutations

You have extremely sharp teeth.
Your natural rate of healing is unusually fast.
When hurt, damage is shared between your health and your magic reserves.
Your bite disrupts and absorbs the magic of your enemies.
Potions cannot restore your health.
You are immune to rotting.


Message History

Your Fighting skill increases to level 9!
Your Short Blades skill increases to level 10!
Your Armour skill increases to level 5!
You are no longer berserk.
You are exhausted.
You feel yourself slow down.
Your deep troll goes berserk!
You feel quite a bit more hungry. Trog will no longer gift you weapons.
You feel sick.
The green ugly thing trunk-slaps you but does no damage.
Unknown command.
You feel sick.
Your deep troll rages.
The green ugly thing trunk-slaps you.
* * * LOW HITPOINT WARNING * * *
You are lethally poisoned!
The green ugly thing poisons you!
You swap places.
You die...

▓.▓
▓.▓
▓.▓
▓.▓
▓'▓
▓)▓
▓.▓
▓.▓
▓@▓
▓T▓
▓u▓
▓Y▓
▓)▓
▓Z▓
▓c▓
▓.▓
▓.▓


You could see a green ugly thing, an ice beast, a centaur, a quokka zombie and a
friendly deep troll (berserk).

Vanquished Creatures
  A gargoyle (D)
  A meliai (D)
  A wyvern (D)
  A bullfrog (D)
  A hound (D)
  An orc wizard (D)
  A worker ant (D)
  A gnoll (D)
  2 adders (D)
  An orc (D)
  A giant cockroach (D)
  2 goblins (D)
  A hobgoblin (D)
  A quokka (D)
  A leopard gecko zombie (D)
  A rat (D)
18 creatures vanquished.

Notes
Turn   | Place    | Note
-------+----------+-------------------------------------------
     0 | D        | emperorscorpion the Vine Stalker Berserker began the quest for the Orb.
     0 | D        | Reached XP level 1. HP: 11/11 MP: 2/2
     7 | D        | Reached skill level 3 in Short Blades
     8 | D        | Reached ** piety under Trog
    26 | D        | Reached XP level 2. HP: 17/17 MP: 3/3
    28 | D        | Reached *** piety under Trog
    28 | D        | Reached skill level 4 in Short Blades
    30 | D        | Reached XP level 3. HP: 21/21 MP: 4/4
    42 | D        | Found a roughly hewn altar of Beogh.
    42 | D        | Found a snail-covered altar of Cheibriados.
    42 | D        | Found a shadowy altar of Dithmenos.
    42 | D        | Found a white marble altar of Elyvilon.
    42 | D        | Found a blossoming altar of Fedhas.
    42 | D        | Found an opulent altar of Gozag.
    43 | D        | Found a hazy altar of Hepliaklqana.
    44 | D        | Found a viscous altar of Jiyva.
    45 | D        | Found an ancient bone altar of Kikubaaqudgha.
    46 | D        | Found a corrupted altar of Lugonu.
    47 | D        | Found a burning altar of Makhleb.
    48 | D        | Found a sparkling altar of Nemelex Xobeh.
    49 | D        | Found an iron altar of Okawaru.
    50 | D        | Found a stormy altar of Qazlal.
    51 | D        | Found a sacrificial altar of Ru.
    52 | D        | Found a deep blue altar of Sif Muna.
    53 | D        | Found a bloodstained altar of Trog.
    54 | D        | Found a hide-covered altar of Uskayaw.
    55 | D        | Found a radiant altar of Vehumet.
    56 | D        | Found an ornate altar of the Wu Jian Council.
    57 | D        | Found a shimmering altar of Xom.
    58 | D        | Found a basalt altar of Yredelemnul.
    59 | D        | Found a glowing silver altar of Zin.
    60 | D        | Found a glowing golden altar of the Shining One.
   111 | D        | Noticed a wyvern
   111 | D        | Noticed a bullfrog
   117 | D        | Reached **** piety under Trog
   124 | D        | Reached skill level 5 in Fighting
   124 | D        | Reached skill level 5 in Short Blades
   124 | D        | Gained mutation: Your natural rate of healing is unusually fast. [Vine Stalker growth]
   124 | D        | Reached XP level 4. HP: 22/27 MP: 3/5
   133 | D        | Killed a wyvern
   133 | D        | Reached skill level 7 in Short Blades
   133 | D        | Reached XP level 5. HP: 29/32 MP: 6/6
   133 | D        | Reached XP level 6. HP: 34/37 MP: 7/7
   139 | D        | Reached skill level 8 in Short Blades
   147 | D        | Reached ***** piety under Trog
   156 | D        | Noticed a meliai
   156 | D        | Noticed a gargoyle
   156 | D        | Noticed an ice beast
   156 | D        | Noticed a green ugly thing
   162 | D        | Killed a meliai
   162 | D        | Reached skill level 9 in Short Blades
   162 | D        | Reached XP level 7. HP: 21/44 MP: 3/8
   171 | D        | Killed a gargoyle
   171 | D        | Reached skill level 10 in Short Blades
   171 | D        | Reached skill level 5 in Armour
   174 | D        | HP: 2/44 [green ugly thing (1)]
   175 | D        | Succumbed to a green ugly thing's poison

Vault maps used:
D:        linesprint

Skill      XL: |  1  2  3  4  5  6  7 |
---------------+----------------------+-----
Fighting       | 3 4 5 6 8 9 |  9.3
Short Blades   | 3 4 5 7 9 10 | 10.5
Armour         | 2 3 4 5 |  5.3
Dodging        | 2 3 4 |  4.9

Action                   |  1- 3 |  4- 6 |  7- 9 || total
-------------------------+-------+-------+-------++-------
Melee: Short sword       |    18 |       |       ||    18
       Bite              |     8 |     7 |     6 ||    21
       Rapier            |    12 |    27 |     8 ||    47
Invok: Berserk           |     1 |     1 |       ||     2
       Trog's Hand       |       |     1 |       ||     1
       Brothers in Arms  |       |       |     1 ||     1
Armor: Plate armour      |    11 |    12 |     2 ||    25
Dodge: Dodged            |     9 |    13 |       ||    22

Table legend:
 A = Spawn XP
 B = Non-spawn XP
 C = Spawn XP percentage of total XP
 D = Spawn monster count
 E = Non-spawn monster count
 F = Spawn count percentage of total count
 G = Total turns spent on level
                    A         B        C        D         E        F      G
               +---------+---------+-------+---------+---------+-------+---------
         Total |       0 |    1178 |   0.0 |       0 |      18 |   0.0 |   175
               +---------+---------+-------+---------+---------+-------+---------
             D |       0 |    1178 |   0.0 |       0 |      18 |   0.0 |   175
               +---------+---------+-------+---------+---------+-------+---------
